 Dungeon Crawl Stone Soup version 0.25.1-2-g60ff931df9 (webtiles) character file.

Game seed: 14067864180475106863

11662 Goaboa the Fighter (level 11, 0/91 HPs)
             Began as a Hill Orc Fighter on Oct 29, 2020.
             Was a Believer of Hepliaklqana.
             Slain by a killer bee (2 damage)
             ... on level 11 of the Dungeon.
             The game lasted 00:41:53 (10528 turns).

Goaboa the Fighter (Hill Orc Fighter)              Turns: 10528, Time: 00:41:53

Health: 0/91       AC: 12    Str: 35    XL:     11   Next: 81%
Magic:  11/11      EV: 10    Int: 10    God:    Hepliaklqana [**....]
Gold:   564        SH: 13    Dex: 10    Spells: 10/10 levels left

rFire    . . .     SeeInvis .   V - +7 sceptre of Torment {pain, torment}
rCold    + . .     Gourm    .   c - +0 kite shield
rNeg     + . .     Faith    .   i - +2 leather armour "Izetyck" {rC+ Int+2}
rPois    .         Spirit   .   W - +1 hat
rElec    .         Reflect  .   S - +0 cloak {MR+}
rCorr    .         Harm     .   T - +2 pair of gloves
MR       +....                  (no boots)
Stlth    +.........             J - amulet of the Good {Acrobat rN+}
HPRegen  0.25/turn              n - +6 ring of strength
MPRegen  0.12/turn              E - +6 ring of strength

@: lethally poisoned (0 -> -5), about to teleport
A: reduced essence
a: Recall Ancestor, Ancestor Identity, Renounce Religion


You were on level 11 of the Dungeon.
You worshipped Hepliaklqana.
Hepliaklqana was pleased with you.
You were hungry.

You visited 2 branches of the dungeon, and saw 12 of its levels.

You collected 564 gold pieces.

Inventory:

Hand Weapons
 a - a +0 war axe
 F - the +7 Singing Sword {vorpal, sonic wave}
   (You found it on level 5 of the Dungeon)

   It inflicts extra damage upon your enemies.
 K - a +2 hand axe of flaming
 V - the +7 sceptre of Torment (weapon) {pain, torment}
   (You found it on level 9 of the Dungeon)

   In the hands of one skilled in necromantic magic, it inflicts extra damage on
   living creatures.
Armour
 b - a +0 scale mail
 c - a +0 kite shield (worn)
 i - the +2 leather armour "Izetyck" (worn) {rC+ Int+2}
   (You found it on level 4 of the Dungeon)

   It affects your intelligence (+2).
   It protects you from cold.
 t - a +0 pair of gloves
 v - a scarf of harm
 S - a +0 cloak of magic resistance (worn)
 T - a +2 pair of gloves (worn)
 W - a +1 hat (worn)
 Y - a +2 tower shield
Jewellery
 n - a +6 ring of strength (left hand)
 o - an uncursed ring of fire
 w - an uncursed ring of see invisible
 E - a +6 ring of strength (right hand)
 J - the amulet of the Good (around neck) {Acrobat rN+}
   (You found it on level 8 of the Dungeon)

   [amulet of the acrobat]

   It helps you evade while moving and waiting.
   It protects you from negative energy.
 L - an uncursed amulet of regeneration
 P - a +4 ring of slaying
 Q - an uncursed amulet of the acrobat
Wands
 B - a wand of polymorph (16)
 M - a wand of digging (1)
 N - a wand of flame (14)
 R - a wand of random effects (60)
 U - a wand of enslavement (10)
Scrolls
 h - 9 scrolls of identify
 k - 7 scrolls of remove curse
 q - a scroll of blinking {unknown}
 r - a scroll of amnesia {unknown}
 s - a scroll of random uselessness {unknown}
 x - 6 scrolls of teleportation
 y - 2 scrolls of enchant weapon {unknown}
 A - a scroll of noise {unknown}
 C - a scroll of fog {unknown}
 I - 2 scrolls of enchant armour {unknown}
Potions
 d - 4 potions of mutation {unknown}
 e - 6 potions of curing
 g - 3 potions of heal wounds {unknown}
 j - 3 potions of haste
 l - 2 potions of berserk rage {unknown}
 m - 4 potions of lignification
 p - 2 potions of invisibility {unknown}
 u - 3 potions of brilliance {unknown}
 z - 3 potions of stabbing {unknown}
 D - a potion of degeneration {unknown}
 G - 2 potions of resistance {unknown}
 H - 2 potions of flight {unknown}
 O - a potion of magic {unknown}
Comestibles
 f - 28 rations


   Skills:
 + Level 11.5 Fighting
 - Level 1.2 Long Blades
 - Level 11.0(11.3) Axes
 + Level 4.0(7.1) Maces & Flails
 + Level 10.6 Armour
 + Level 10.6 Shields


You had 10 spell levels left.
You didn't know any spells.
Your spell library contained the following spells:

 Spells                   Type           Power        Failure   Level  Hunger
 Infusion                 Chrm           #...         58%         1    ##.....
 Summon Small Mammal      Summ           #...         58%         1    ##.....
 Call Imp                 Summ           #.......     73%         2    ###....
 Shroud of Golubria       Chrm/Tloc      #.....       73%         2    ###....
 Song of Slaying          Chrm           #.......     73%         2    ###....
 Call Canine Familiar     Summ           #.......     91%         3    ####...
 Ozocubu's Armour         Chrm/Ice       #.......     91%         3    ####...
 Spectral Weapon          Hex/Chrm       #.......     91%         3    ####...
 Summon Guardian Golem    Hex/Summ       #.......     91%         3    ####...
 Summon Ice Beast         Ice/Summ       #.......     100%        4    #####..
 Summon Lightning Spire   Summ/Air       #.......     100%        4    #####..


Dungeon Overview and Level Annotations

Branches:
Dungeon (11/15)            Temple (1/1) D:5             Orc (0/2) D:10
   Lair: D:8-11

Altars:
Ashenzari
Cheibriados
Fedhas
Gozag
Hepliaklqana
Kikubaaqudgha
Nemelex Xobeh
Okawaru
Ru
Sif Muna
Wu Jian
Xom
The Shining One

Annotations:
D:11 exclusion: oklob plant


Message History

The killer bee closely misses you. You block the killer bee's attack. x5
The killer bee stings you.
* * * LOW HITPOINT WARNING * * *
The killer bee stings you.
* * * LOW HITPOINT WARNING * * *
You are more poisoned.
The killer bee poisons you! The killer bee stings you.
* * * LOW HITPOINT WARNING * * *
You are lethally poisoned!
The killer bee poisons you!
You feel better. You block the killer bee's attack. The killer bee stings you!
* * * LOW HITPOINT WARNING * * *
You are poisoned.
The killer bee poisons you! The killer bee closely misses you.
You block the killer bee's attack.
The killer bee stings you but does no damage.
The killer bee stings you!
* * * LOW HITPOINT WARNING * * *
The killer bee stings you.
You die...

#... .# #... . . .# #...
.P P.≈ .# #...#..PP
P...#.#
+###.....##P..##...####
..........#...#.......#
........#...≈...#y....#
.........## #@yy...#
.........[######yyy...#
...............yyy.#...#
................y..# ..#
................y..# #
#+####'###.........#
#......#.........#
#......#.........#
##..##.#.........##


You could see an oklob plant, a queen bee and 10 killer bees.

Vanquished Creatures
  Pikel (D:8)
  Joseph (D:7)
  Maurice (D:8)
  A hornet (D:9)
  3 hippogriffs
  4 yaks (D:10)
  A wyvern (D:10)
  Menkaure (D:7)
  A water moccasin (D:9)
  2 soldier ants (D:9)
  3 orc warriors
  A slave (D:8)
  2 black bears
  2 sky beasts
  4 ice beasts
  A necrophage (D:8)
  4 phantoms
  2 ogres
  3 centaurs
  A big kobold (D:8)
  5 bullfrogs
  3 scorpions
  8 killer bees
  A howler monkey (D:4)
  11 wights
  A bullfrog zombie (D:5)
  5 hounds
  2 jellies
  6 orc wizards
  A gnoll shaman (D:7)
  6 orc priests
  2 centaur skeletons
  4 worker ants
  An iguana (D:10)
  2 hound zombies
  3 hound skeletons
  2 howler monkey zombies (D:5)
  8 gnolls
  3 worker ant zombies
  An ancestor (D:6)
  16 adders
  A shadow imp (D:7)
  2 oozes
  An adder zombie (D:5)
  2 worms
  3 dart slugs
  A leopard gecko (D:8)
  20 orcs
  A ball python (D:1)
  12 bats
  4 giant cockroaches
  6 goblins
  7 hobgoblins
  3 jackals (D:6)
  3 quokkas
  A frilled lizard (D:3)
  2 jackal skeletons
  23 kobolds
  A leopard gecko skeleton (D:6)
  6 rats
  2 plants (D:8)
231 creatures vanquished.

Vanquished Creatures (collateral kills)
  Harold (D:8)
  Erica (D:9)
  A two-headed ogre (D:8)
  An unseen horror (D:10)
  Maggie (D:8)
  Prince Ribbit (D:5)
  A wraith (D:10)
  3 yaks (D:10)
  A big kobold (D:8)
  3 bullfrogs (D:9)
  2 scorpions
  A water moccasin zombie (D:7)
  A killer bee (D:11)
  3 wights (D:10)
  2 crimson imps
  A bullfrog skeleton (D:6)
  Ijyb (D:5)
  An adder (D:5)
  2 leopard geckos
  3 orcs (D:10)
  6 kobolds (D:8)
  A bat (D:5)
38 creatures vanquished.

Vanquished Creatures (others)
  A battlemage (D:11)
  An ancestor (D:5)
  8 fungi (D:5)
  2 plants
12 creatures vanquished.

Grand Total: 281 creatures vanquished

Notes
Turn   | Place    | Note
-------+----------+-------------------------------------------
     0 | D:1      | Goaboa the Hill Orc Fighter began the quest for the Orb.
     0 | D:1      | Reached XP level 1. HP: 19/19 MP: 1/1
   194 | D:1      | Reached XP level 2. HP: 25/27 MP: 2/2
   389 | D:1      | Reached XP level 3. HP: 27/33 MP: 3/3
  1138 | D:2      | Reached XP level 4. HP: 35/40 MP: 4/4
  1513 | D:3      | Reached XP level 5. HP: 44/47 MP: 5/5
  1696 | D:3      | Noticed a phantom
  1712 | D:3      | Killed a phantom
  1712 | D:3      | Reached skill level 5 in Fighting
  1712 | D:3      | Reached XP level 6. HP: 40/56 MP: 6/6
  2187 | D:3      | Found a sparkling altar of Nemelex Xobeh.
  2187 | D:3      | Found an iron altar of Okawaru.
  2838 | D:4      | Got an ichor-stained leather armour
  2848 | D:4      | Identified the +2 leather armour "Izetyck" {rC+ Int+2} (You
                  | found it on level 4 of the Dungeon)
  2858 | D:4      | Reached skill level 5 in Axes
  2859 | D:4      | Reached skill level 5 in Armour
  3148 | D:4      | Noticed a phantom
  3188 | D:4      | Killed a phantom
  3188 | D:4      | Reached skill level 5 in Shields
  3188 | D:4      | Reached XP level 7. HP: 38/62 MP: 7/7
  3679 | D:4      | Found an opulent altar of Gozag.
  3817 | D:5      | Entered Level 5 of the Dungeon
  4110 | D:5      | Found a staircase to the Ecumenical Temple.
  4123 | D:5      | Reached XP level 8. HP: 63/71 MP: 8/8
  4147 | Temple   | Entered the Ecumenical Temple
  4157 | Temple   | Became a worshipper of Hepliaklqana the Forgotten
  4335 | D:5      | Noticed Prince Ribbit
  4790 | D:5      | Found the +7 Singing Sword {vorpal, sonic wave}
  4864 | D:5      | Killed Prince Ribbit
  5189 | D:5      | Found a shimmering altar of Xom.
  5310 | D:5      | Noticed Ijyb
  5341 | D:5      | Killed Ijyb
  5561 | D:6      | Found a shimmering altar of Xom.
  5661 | D:6      | Reached skill level 1 in Long Blades
  5661 | D:6      | Reached XP level 9. HP: 52/72 MP: 9/9
  5977 | D:6      | Reached * piety under Hepliaklqana
  6385 | D:7      | Found a blossoming altar of Fedhas.
  6418 | D:7      | Noticed Joseph
  6424 | D:7      | Killed Joseph
  6948 | D:7      | Noticed Menkaure
  6953 | D:7      | Killed Menkaure
  6973 | D:7      | Reached XP level 10. HP: 59/81 MP: 10/10
  7741 | D:8      | Reached ** piety under Hepliaklqana
  7742 | D:8      | Remembered your ancestor Xiuhtonal as a battlemage
  7785 | D:8      | Noticed Maggie
  7787 | D:8      | Noticed Harold
  7792 | D:8      | Killed Maggie
  7796 | D:8      | Killed Harold
  7796 | D:8      | Reached skill level 10 in Axes
  7860 | D:8      | Reached skill level 10 in Fighting
  7927 | D:8      | Noticed Maurice
  7937 | D:8      | Killed Maurice
  8146 | D:8      | Noticed a two-headed ogre
  8156 | D:8      | Killed a two-headed ogre
  8224 | D:8      | Noticed Pikel
  8235 | D:8      | Killed Pikel
  8235 | D:8      | Reached XP level 11. HP: 84/90 MP: 11/11
  8267 | D:8      | Got a sparkling ivory amulet
  8511 | D:9      | Found the +7 sceptre of Torment {pain, torment}
  8516 | D:9      | Identified the amulet of the Good {Acrobat rN+} (You found
                  | it on level 8 of the Dungeon)
  8536 | D:9      | Found a sacrificial altar of Ru.
  8724 | D:9      | Reached skill level 1 in Maces & Flails
  8766 | D:9      | Reached skill level 10 in Armour
  8854 | D:9      | Noticed Erica
  8858 | D:9      | Killed Erica
  8858 | D:9      | Reached skill level 10 in Shields
  8952 | D:9      | Paralysed by a hornet for 3 turns
  9231 | D:10     | Entered Level 10 of the Dungeon
  9449 | D:10     | Found a staircase to the Orcish Mines.
  9912 | D:10     | Noticed an unseen horror
  9914 | D:10     | Killed an unseen horror
 10525 | D:11     | Noticed an oklob plant
 10528 | D:11     | HP: 2/91 [killer bee (8)]
 10528 | D:11     | Slain by a killer bee

Illustrated notes

Levels and vault maps discovered:
D:1:      erik_arrival_triangle_huge, layout_basic
D:2:      layout_rooms, first_ration
D:3:      layout_basic, chequers_temple_overflow_statue_of_worship
D:4:      layout_loops_corners, lemuel_coloured_pillars_altar
D:5:      old_forge, layout_loops_cross, kennysheep_little_box,
          minmay_temple_entry_slanted, uniq_prince_ribbit1, uniq_ijyb
D:6:      layout_basic, basic_altar
D:7:      layout_loops_ring, lemuel_crystal_altar, uniq_menkaure, uniq_joseph
D:8:      kennysheep_kobold_camp, layout_gridville, glass_columns_a,
          uniq_maggie, uniq_maurice, uniq_pikel, uniq_harold
D:9:      layout_roguey, nicolae_ru_the_path_less_chosen,
          hangedman_pestilent_swarm, uniq_erica
D:10:     layout_basic, orc_0_dummy, minmay_puff
D:11:     layout_gridville, dpeg_oklobed_lair, special_room [special_room_bee],
          minmay_guarded_unrand_resistance
Temple:   eino_temple_rhombus

Skill      XL: |  1  2  3  4  5  6  7  8  9 10 11 |
---------------+----------------------------------+-----
Axes           | 3 4 5 6 7 9 10 11 | 11.0
Fighting       | 4 5 6 7 9 10 11 | 11.5
Armour         | 4 5 7 8 9 10 | 10.6
Shields        | 4 5 6 8 9 10 | 10.6
Long Blades    | 1 |  1.2
Maces & Flails | 4 |  4.0

Action                   |  1- 3 |  4- 6 |  7- 9 | 10-12 || total
-------------------------+-------+-------+-------+-------++-------
Melee: War axe           |   106 |   151 |   182 |       ||   439
       Double sword      |       |       |    12 |       ||    12
       Hand axe          |       |       |   123 |   170 ||   293
       Eveningstar       |       |       |       |    96 ||    96
Invok: Ancestor Life: Ba |       |       |       |     1 ||     1
  Use: Potion            |     1 |     1 |       |     1 ||     3
       Scroll            |       |     3 |       |     4 ||     7
 Stab: Held in net/web   |       |       |     2 |       ||     2
       Distracted        |       |       |     1 |     1 ||     2
  Eat: Chunk             |     1 |     6 |     6 |    11 ||    24
       Ration            |       |       |     2 |       ||     2
Armor: Scale mail        |    57 |    48 |       |       ||   105
       Leather armour    |       |    15 |    69 |    60 ||   144
Dodge: Dodged            |    37 |    42 |    75 |   113 ||   267
Block: Kite shield       |    77 |    80 |   163 |   195 ||   515
       Rpst.: Double sword |       |       |     2 |       ||     2
